 Dungeon Crawl Stone Soup version 0.30.1-9-gdf580d7c3d (webtiles) character file.

Game seed: 7459504054406821824

1197 croobank the Trooper (level 8, -3/68 HPs)
             Began as a Demonspawn Monk on Sept 25, 2023.
             Was a Believer of Ashenzari.
             Slain by a hound (4 damage)
             ... on level 6 of the Dungeon.
             The game lasted 00:14:45 (5549 turns).

croobank the Trooper (Demonspawn Monk)              Turns: 5549, Time: 00:14:46

Health: -3/68      AC:  4    Str: 11    XL:     8   Next: 20%
Magic:  17/17      EV: 14    Int: 14    God:    Ashenzari [**....]
Gold:   318        SH:  0    Dex: 16    Spells: 7/7 levels left

rFire   . . .        r - +0 dagger "Circumscribed With Me" {venom, Elem, Self} (curse)
rCold   . . .        d - orb of the Shackled Augur {light, Alch, Range} (curse)
rNeg    . . .        t - +0 leather armour
rPois   .            (helmet restricted)
rElec   .            (no cloak)
rCorr   .            z - +0 pair of gloves
SInv    +            (no boots)
Will    .....        i - amulet of magic regeneration
Stlth   +            k - ring of the Perceptive God {MP+9, Melee, Self} (curse)
HPRegen 0.31/turn    (no ring)
MPRegen 0.55/turn

%: no passive effects
@: on fire, glowing, studying Stealth
A: horns 1, ignite blood 2
a: Renounce Religion, Shatter the Chains


You were on level 6 of the Dungeon.
You worshipped Ashenzari.
Ashenzari was pleased with you.
You visited 2 branches of the dungeon, and saw 7 of its levels.
You also visited: Sewer.

You collected 318 gold pieces.

Inventory:

Hand Weapons
 a - a +0 short sword
 r - the cursed +0 dagger "Circumscribed With Me" (weapon) {venom, Elem, Self}
   (You took it off a goblin on level 3 of the Dungeon)

   It has a curse which improves the following skills: Elements: Fire Magic, Ice
   Magic, Air Magic and Earth Magic.
   Introspection: Fighting and Spellcasting.
 x - a +0 war axe of chaos
 y - a +0 vampiric hand axe
Missiles
 q - 4 poisoned darts (quivered)
 v - 2 silver javelins
Armour
 d - the cursed orb of the Shackled Augur (worn) {light, Alch, Range}

   It has a curse which improves the following skills: Alchemy: Poison Magic and
   Transmutations.
   Ranged Combat: Ranged Weapons and Throwing.
 t - a +0 leather armour (worn)
 u - a +3 plate armour
 z - a +0 pair of gloves (worn)
Jewellery
 i - an amulet of magic regeneration (around neck)
 k - the cursed ring of the Perceptive God (left hand) {MP+9, Melee, Self}
   (You found it on level 1 of the Dungeon)

   [ring of magical power]

   MP:        It affects your magic capacity (+9).
   It has a curse which improves the following skills: Melee Combat: Short
   Blades, Long Blades, Axes, Maces & Flails, Polearms, Staves and Unarmed
   Combat.
   Introspection: Fighting and Spellcasting.
Wands
 m - a wand of acid (7)
Scrolls
 e - 3 scrolls of vulnerability
 f - 2 scrolls of identify
 h - a scroll of fog
 j - a scroll of magic mapping
 o - a scroll of teleportation
Potions
 b - a potion of heal wounds
 c - 2 potions of ambrosia
 g - 3 potions of lignification
 l - 5 potions of brilliance
 s - a potion of cancellation


   Skills:
 + Level 6.0(7.8) Fighting
 + Level 5.4(6.6) Short Blades
 + Level 5.5 Dodging
 + Level 4.9 Stealth


You had 7 spell levels left.
You didn't know any spells.
Your spell library contained the following spells:

 Spells                   Type           Power      Damage    Failure   Level
 Slow                     Hex            0%         N/A       36%         1
 Wereblood                Tmut           0%         N/A       47%         2
 Sublimation of Blood     Necr           0%         N/A       50%         2
 Confusing Touch          Hex            0%         N/A       75%         3
 Vampiric Draining        Necr           0%         2d6       75%         3
 Summon Hydra             Summ           0%         N/A       100%        7


Dungeon Overview and Level Annotations

Branches:
Dungeon (6/15)             Temple (1/1) D:4           Sewer (visited)

Altars:
Ashenzari
Cheibriados
Dithmenos
Gozag
Kikubaaqudgha
Nemelex Xobeh
Qazlal
Ru
Trog
Uskayaw
Vehumet
Xom

Shops:
D:3 :

Annotations:
D:4 Robin


Innate Abilities, Weirdness & Mutations

You have a pair of small horns on your head.
Your demonic aura often causes spilled blood to erupt in flames.


Message History

You headbutt the kobold brigand, but do no damage.
The kobold brigand is lightly wounded.
The kobold brigand hits you with a +0 short sword.
You hit the kobold brigand.
The kobold brigand is lightly wounded.
The kobold brigand hits you with a +0 short sword!
You hit the kobold brigand.
The kobold brigand is poisoned.
You headbutt the kobold brigand, but do no damage.
The kobold brigand is lightly wounded.
The hound bites you.
A kobold demonologist comes into view. It is wielding a +0 dagger.
The kobold demonologist shouts!
The kobold brigand hits you with a +0 short sword.
The kobold demonologist mumbles some strange words.
The hound closely misses you.
The kobold brigand attacks as you move away!
The kobold brigand hits you with a +0 short sword.
An iguana and a bullfrog come into view.
The kobold demonologist begins to cast a cantrip, but forgets the words!
The hound closely misses you. The smoke demon gestures at you.
The sticky flame hits you.
You are covered in liquid flames!
The bullfrog gives a loud, deep croak!
The hound attacks as you move away! The hound closely misses you.
You are covered in liquid flames!
The smoke demon gestures at you. The sticky flame hits you!
You are covered in liquid flames!
* * * LOW HITPOINT WARNING * * *
There is an open door here.
You are covered in liquid flames!
* * * LOW HITPOINT WARNING * * *
The hound bites you.
* * * LOW HITPOINT WARNING * * *
The hound attacks as you move away! The hound misses you.
You are covered in liquid flames!
* * * LOW HITPOINT WARNING * * *
The hound attacks as you move away! The hound bites you.
You die...

...##.............##..
.........##..........
, *
.....................
, ,
.........##.......# *
* .###........).....#
* ###..#.##..#.†)...#
# #....##..#....<.# *
# #.###....#......## #
#.# ..##.#####@..## #
#.#...........h...# *
# #####
*########'####### * #
.)..........3KFl , #
.#.#.#.#.#.#.#. # ,
#.$...$.#,, , #* *
######### # , #


You could see a hound.

Vanquished Creatures
  Grinder (D:4)
  Sigmund (D:4)
  Menkaure (D:6)
  Pargi (Sewer)
  An ogre (D:4)
  A scorpion (D:5)
  A bullfrog (D:6)
  A howler monkey (D:4)
  A hound (D:6)
  A sleepcap (D:5)
  Natasha (twice) (D:3)
  4 iguanas
  2 orc wizards (D:3)
  2 gnolls
  An adder (D:6)
  A shadow imp (D:5)
  2 worms
  A dart slug (D:3)
  7 orcs
  4 endoplasms
  4 giant cockroaches
  10 goblins
  4 hobgoblins
  6 jackals
  8 quokkas
  6 ball pythons
  2 bats (D:1)
  3 frilled lizards
  6 kobolds
  2 rats (D:1)
87 creatures vanquished.

Notes
Turn   | Place    | Note
-------+----------+-------------------------------------------
     0 | D:1      | croobank the Demonspawn Monk began the quest for the Orb.
     0 | D:1      | Reached XP level 1. HP: 18/18 MP: 1/1
   208 | D:1      | Gained mutation: Your demonic aura sometimes causes spilled
                  | blood to erupt in flames. [demonic ancestry]
   208 | D:1      | Reached XP level 2. HP: 19/24 MP: 2/2
   860 | D:1      | Reached XP level 3. HP: 27/29 MP: 3/3
  1629 | D:3      | Found a bloodstained altar of Trog.
  1752 | D:3      | Noticed Natasha
  1766 | D:3      | Killed Natasha
  1827 | D:3      | Found Numupar's Vocational Training.
  1848 | D:3      | Reached XP level 4. HP: 33/37 MP: 4/4
  2376 | D:3      | Reached skill level 4 in Fighting
  2543 | D:3      | Reached XP level 5. HP: 31/42 MP: 5/5
  2678 | D:3      | Noticed Natasha
  2686 | D:3      | Killed Natasha
  3313 | D:4      | Noticed Robin
  3470 | D:4      | Noticed Grinder
  3474 | D:4      | Paralysed by Grinder for 2 turns
  3482 | D:4      | Killed Grinder
  3483 | D:4      | Gained mutation: Your demonic aura often causes spilled
                  | blood to erupt in flames. [demonic ancestry]
  3483 | D:4      | Reached XP level 6. HP: 22/50 MP: 6/6
  3581 | D:4      | Found an ancient bone altar of Kikubaaqudgha.
  3672 | D:4      | Reached skill level 1 in Stealth
  3731 | D:4      | Reached skill level 5 in Fighting
  3821 | D:4      | Reached XP level 7. HP: 51/56 MP: 7/7
  3891 | D:4      | Found a staircase to the Ecumenical Temple.
  3896 | Temple   | Entered the Ecumenical Temple
  4022 | Temple   | Became a worshipper of Ashenzari the Shackled
  4045 | D:4      | Reached * piety under Ashenzari
  4083 | D:4      | Noticed Sigmund
  4093 | D:4      | Killed Sigmund
  4371 | D:5      | Entered Level 5 of the Dungeon
  4734 | D:5      | Reached skill level 5 in Dodging
  4741 | D:5      | Reached skill level 5 in Short Blades
  5291 | D:6      | Noticed Menkaure
  5308 | D:6      | Killed Menkaure
  5309 | D:6      | Gained mutation: You have a pair of small horns on your
                  | head. [demonic ancestry]
  5309 | D:6      | Reached XP level 8. HP: 51/67 MP: 8/8
  5327 | D:6      | Found a glowing drain.
  5346 | Sewer    | Entered a sewer
  5355 | Sewer    | Reached ** piety under Ashenzari
  5412 | Sewer    | Noticed Pargi
  5422 | Sewer    | Killed Pargi
  5423 | Sewer    | Reached skill level 6 in Fighting
  5544 | D:6      | Noticed a kobold demonologist
  5545 | D:6      | Noticed a smoke demon
  5548 | D:6      | HP: 1/68 [burnt (6)]
  5549 | D:6      | Slain by a hound

Illustrated notes

Levels and vault maps discovered:
D:1:      lightli_arrival_windingriver, layout_loops_ring, minivault_14,
          bh_walls_and_bars
D:2:      layout_loops_ring
D:3:      layout_loops_corners, mainiacjoe_overflow_six_doors_small,
          nicolae_shop_vocational, uniq_natasha
D:4:      layout_basic, lemuel_round_altar, minmay_temple_entry_glassed_door,
          nicolae_concentric_dashed_squares_mild, uniq_robin, uniq_sigmund,
          uniq_grinder
D:5:      layout_rooms
D:6:      layout_rooms, old_standard_altar, zin_treasury, portal_sewer_entry_f,
          minivault_19, hangedman_minor_gate_pass, uniq_menkaure, uniq_pikel
Temple:   nicolae_temple_two_arcs

Skill      XL: |  1  2  3  4  5  6  7  8 |
---------------+-------------------------+-----
Short Blades   | 3 4 5 |  5.4
Dodging        | 3 4 5 |  5.5
Fighting       | 4 5 6 |  6.0
Stealth        | 2 4 |  4.9

Action                     |  1- 3 |  4- 6 |  7- 9 || total
---------------------------+-------+-------+-------++-------
  Melee: Short sword       |   117 |       |       ||   117
         Dagger            |    20 |   114 |    91 ||   225
         Headbutt          |       |       |     9 ||     9
  Throw: Javelin           |       |     3 |     4 ||     7
         Dart              |       |     4 |     1 ||     5
 Invoke: Curse Item        |       |       |     3 ||     3
    Use: Scroll            |       |    12 |     1 ||    13
         Potion            |       |     1 |     3 ||     4
   Stab: Sleeping          |       |       |     1 ||     1
 Armour: Robe              |    13 |     1 |       ||    14
         Leather armour    |       |    14 |    13 ||    27
  Dodge: Dodged            |    89 |    41 |    61 ||   191
